 Dungeon Crawl Stone Soup version 0.27-a0-1196-g3e9cee4cb2 (webtiles) character file.

Game seed: 13486451021369053579

572 miscthings the Magician (level 7, -2/45 HPs)
             Began as a Djinni Conjurer on May 28, 2021.
             Killed from afar by Ijyb (25 damage)
             ... with an iceblast
             ... on level 5 of the Dungeon.
             The game lasted 00:04:13 (2978 turns).

miscthings the Magician (Djinni Conjurer)           Turns: 2978, Time: 00:04:14

Health: -2/45      AC:  3    Str:  6    XL:     7   Next: 61%
Gold:   128        EV: 12    Int: 20    God:
                   SH:  0    Dex: 13

rFire    + + .     SeeInvis .   b - staff of conjuration
rCold    x . .     Faith    .   (no shield)
rNeg     . . .     Spirit   .   a - +0 robe
rPois    ∞         Reflect  .   (no helmet)
rElec    .         Harm     .   (no cloak)
rCorr    .         Rampage  .   j - +0 pair of gloves
Will     .....                  (boots unavailable)
Stlth    ++........             (no amulet)
HPRegen  0.15/turn              (no ring)
MPRegen  0.00/turn              (no ring)

@: flying, very slightly contaminated, invisible
A: sickness immunity, fire resistance 2, cold vulnerability 1, float, innate
caster, hp casting, extra vitality 1
a: no special abilities


You were on level 5 of the Dungeon.
You visited 1 branch of the dungeon, and saw 5 of its levels.

You collected 128 gold pieces.

Inventory:

Armour
 a - a +0 robe (worn)
 e - a +0 kite shield
 j - a +0 pair of gloves (worn)
Magical Staves
 b - a staff of conjuration (weapon)
Scrolls
 g - a scroll of summoning {unknown}
 h - 3 scrolls of teleportation
 m - 2 scrolls of magic mapping
Potions
 c - a potion of haste
 d - a potion of invisibility
 i - a potion of flight {unknown}
 k - 2 potions of curing
 l - a potion of ambrosia


   Skills:
 - Level 2.1 Dodging
 - Level 1.5 Stealth
 + Level 6.7 Spellcasting


You couldn't memorise any spells.
You knew the following spells:

 Your Spells              Type           Power      Damage    Failure   Level
a - Searing Ray           Conj           100%       3d7       1%          2
b - Magic Dart            Conj           100%       1d8       1%          1
c - Dazzling Flash        Conj/Hex       100%       N/A       1%          3
d - Fulminant Prism       Conj/Hex       25%        3d14      6%          4
e - Iskenderun's Mystic   Conj/Tloc      50%        2d11      6%          4
f - Beastly Appendage     Tmut           66%        N/A       1%          1
g - Blink                 Tloc           N/A        N/A       1%          2
h - Confusing Touch       Hex            33%        N/A       1%          3
Your spell library was empty.

Dungeon Overview and Level Annotations

Branches:
Dungeon (5/15)
 Temple: D:4-7

Altars:

Shops:
D:1 !   D:2 (

Annotations:
D:5 Ijyb


Innate Abilities, Weirdness & Mutations

You are immune to sickness and miasma.
You are immune to poison.
Your flesh is very heat resistant. (rF++)
You are vulnerable to cold. (rC-)
You float through the air rather than walking.
You learn spells naturally, not from books.
Your magical power is your life essence.
You have superior vitality. (+4 HP)


Message History

Found a stone staircase leading down.
Found a ring mail.
A white imp comes into view.
The white imp shouts, "Scamper home, thou puny milk-livered pustule!"
A white imp is nearby!
A white imp is nearby!
Casting: Searing Ray (safe; 1% risk of failure)
Confirm with . or Enter, or press ? or * to list all spells.
Aiming: Searing Ray (safe; 1% risk of failure)
Press: ? - help, Shift-Dir - straight line, f - white imp
Aim: a white imp (83% to hit)
You feel a surge of power!
The searing ray hits the white imp.
The white imp is heavily wounded. (Press . to maintain the ray.)
The white imp gestures at you. The puff of frost hits you!
You feel a terrible chill!
The searing ray hits the white imp!
You kill the white imp!
You start resting.
HP restored.
You now have 128 gold pieces (gained 18).
Ijyb the Twisted Goblin comes into view.
She is wielding a +2 dagger of speed, wearing a +2 leather armour of fire resistance and carrying a wand of iceblast (7).
Ijyb shouts!
Ijyb zaps a wand.
The mass of ice explodes!
The iceblast engulfs you!!
You feel a painful chill!
You hear a shout!
Ijyb is nearby!
A centaur comes into view.
Okay, then.
You fade into invisibility!
You are very lightly contaminated with residual magic.
Aiming: Fulminant Prism (dangerous; 6% risk of failure)
Press: ? - help, Q - select action, (/) - cycle Dir - move target You feel a surge of power!
You conjure a prism of explosive energy!
A fulminant prism comes into view.
Ijyb zaps a wand.
The mass of ice explodes!
The iceblast engulfs you!!
You feel a painful chill!
Ouch! That really hurt!
You die...

..g.#. ....##
..g.#####. .........
# #. #.*...... #. #.#
#........ #.##.#
#........
######....###........
......[...##@....c...
..........##.........
..........#..########
............##### #
#####........... #
#####.....#.....####
###...............#
#........##...##..#
..#..######...# #...


You could see Ijyb (ally target), a centaur and a friendly fulminant prism.

Vanquished Creatures
  Sigmund (D:2)
  Eustachio (D:5)
  A scorpion (D:4)
  A wyvern skeleton (D:5)
  A hound skeleton (D:2)
  4 gnolls
  7 adders
  A white imp (D:5)
  An ufetubus (D:5)
  A dart slug (D:2)
  2 bats
  2 endoplasms (D:1)
  4 giant cockroaches
  5 goblins
  2 jackals (D:1)
  3 quokkas
  6 ball pythons
  A frilled lizard (D:1)
  2 kobolds
  5 rats
51 creatures vanquished.

Vanquished Creatures (others)
  2 plants (D:4)
2 creatures vanquished.

Grand Total: 53 creatures vanquished

Notes
Turn   | Place    | Note
-------+----------+-------------------------------------------
     0 | D:1      | miscthings the Djinni Conjurer began the quest for the Orb.
     0 | D:1      | Reached XP level 1. HP: 15/15 MP: 0/0
   396 | D:1      | Reached XP level 2. HP: 20/21 MP: 0/0
   450 | D:1      | Found Liat's Distillery.
   953 | D:2      | Found Zuosaff's Weapon Shoppe.
   986 | D:2      | Reached XP level 3. HP: 16/25 MP: 0/0
   986 | D:2      | Learned a level 1 spell: Beastly Appendage
  1021 | D:2      | Reached skill level 4 in Spellcasting
  1223 | D:2      | Reached XP level 4. HP: 4/31 MP: 0/0
  1536 | D:2      | Noticed Sigmund
  1544 | D:2      | Killed Sigmund
  1545 | D:2      | Reached skill level 5 in Spellcasting
  1545 | D:2      | Reached XP level 5. HP: 10/35 MP: 0/0
  1545 | D:2      | Learned a level 2 spell: Blink
  1545 | D:2      | Reached XP level 6. HP: 12/40 MP: 0/0
  1781 | D:2      | Found a faded altar of an unknown god.
  2512 | D:4      | Reached skill level 6 in Spellcasting
  2527 | D:5      | Entered Level 5 of the Dungeon
  2546 | D:5      | Noticed Eustachio
  2560 | D:5      | Reached XP level 7. HP: 19/45 MP: 0/0
  2560 | D:5      | Learned a level 3 spell: Confusing Touch
  2560 | D:5      | Killed Eustachio
  2973 | D:5      | Noticed Ijyb
  2978 | D:5      | Killed from afar by Ijyb

Illustrated notes

Levels and vault maps discovered:
D:1:      mainiacjoe_arrival_reflecting_pool, layout_loops_cross, serial_shops,
          nicolae_shop_crystal
D:2:      layout_basic, shapermc_ecumenical_altar_flowoftime, serial_shops,
          shop, uniq_sigmund
D:3:      layout_rooms
D:4:      layout_rooms, serial_bayou, serial_bayou_pond_c,
          serial_bayou_crossing, serial_bayou_pond_c, serial_bayou_lagoon_a,
          minmay_ruined_shrine
D:5:      layout_rooms, corexii_corridor_pit, uniq_ijyb, uniq_eustachio

Skill      XL: |  1  2  3  4  5  6 |
---------------+-------------------+-----
Spellcasting   | 4 5 6 |  6.7
Dodging        | |  2.1
Stealth        | |  1.5

Action                   |  1- 3 |  4- 6 |  7- 9 || total
-------------------------+-------+-------+-------++-------
 Cast: Magic Dart        |    14 |     4 |       ||    18
       Searing Ray       |    15 |    17 |     3 ||    35
       Fulminant Prism   |       |       |     1 ||     1
  Use: Scroll            |       |     6 |       ||     6
       Potion            |       |       |     1 ||     1
Armor: Robe              |     2 |     1 |       ||     3
Dodge: Dodged            |     8 |     4 |       ||    12

Table legend: (Time is in decaauts)
 A = Elapsed time spent in this place.
 B = Non-inter-level travel time spent in this place.
 C = Inter-level travel time spent in this place.
 D = Time resting spent in this place.
 E = Time spent auto-exploring this place.
 F = Levels seen in this place.
 G = Mean time per level.
                   A        B        C        D        E       F      G
               +--------+--------+--------+--------+--------+-----+--------+
         Total |   2977 |   2929 |     48 |   1396 |   1218 |   5 |  595.4 |
       Dungeon |   2977 |   2929 |     48 |   1396 |   1218 |   5 |  595.4 |
               +--------+--------+--------+--------+--------+-----+--------+

Top non-repeatable levels by time:
     D:2: 1112 daAuts
     D:1: 952 daAuts
     D:3: 442 daAuts
     D:4: 260 daAuts
     D:5: 209 daAuts
